 Dungeon Crawl Stone Soup version 0.29-a0-231-g945431f764 (webtiles) character file.

Game seed: 3872824161607797097

38 Gargoyl the Skirmisher (level 3, -1/24 HPs)
             Began as a Gargoyle Abyssal Knight on Mar 1, 2022.
             Was a Follower of Lugonu.
             Slain by Crazy Yiuf
             ... wielding a +3 quarterstaff of chaos
              (13 damage)
             ... on level 2 of the Dungeon.
             The game lasted 00:01:20 (1338 turns).

Gargoyl the Skirmisher (Gargoyle Abyssal Knight)    Turns: 1338, Time: 00:01:22

Health: -1/24      AC:  6    Str: 18    XL:     3   Next: 43%
Magic:  4/4        EV: 11    Int: 10    God:    Lugonu [*.....]
Gold:   92         SH:  0    Dex: 10    Spells: 2/2 levels left

rFire   . . .      SeeInvis .   a - +2 hand axe
rCold   . . .      Faith    .   (no shield)
rNeg    + . .      Spirit   .   b - +0 leather armour
rPois   ∞          Reflect  .   (no helmet)
rElec   +          Harm     .   (no cloak)
rCorr   .          Rampage  .   (no gloves)
Will    .....                   (no boots)
Stlth   +.........              (no amulet)
HPRegen 0.08/turn               (no ring)
MPRegen 0.09/turn               (no ring)

@: no status effects
A: sickness immunity, AC +3, negative energy resistance 1, electricity
resistance, torment resistance 1, petrification resistance
a: Renounce Religion, Depart the Abyss


You were on level 2 of the Dungeon.
You worshipped Lugonu.
Lugonu was aware of your devotion.
You visited 1 branch of the dungeon, and saw 2 of its levels.
You visited the Abyss 1 time.

You collected 92 gold pieces.

Inventory:

Hand Weapons
 a - a +2 hand axe (weapon)
Missiles
 g - 3 curare-tipped darts (quivered)
Armour
 b - a +0 leather armour (worn)
Potions
 d - a potion of flight
 h - a potion of curing {unknown}


   Skills:
 + Level 4.2 Fighting
 + Level 2.1 Axes
 + Level 2.4 Armour
 + Level 0.8 Dodging
 + Level 0.3 Stealth
 * Level 2.2 Invocations


You had 2 spell levels left.
You didn't know any spells.
Your spell library was empty.

Dungeon Overview and Level Annotations

Branches:
Dungeon (2/15)

Altars:

Shops:
D:1 (

Annotations:
D:2 Crazy Yiuf


Innate Abilities, Weirdness & Mutations

You are immune to sickness and miasma.
Your stone body is resilient. (AC +3)
You are immune to poison.
You resist negative energy. (rN+)
You are resistant to electric shocks. (rElec)
You are resistant to unholy torment.
You are immune to petrification.


Message History

You see here 21 stones.
There is a stone staircase leading down here.
You climb downwards.
There is a stone staircase leading up here.
As you read the scroll labelled IPRYTO XOHACU, it crumbles to dust.
It is a scroll of identify.
d - a potion of flight
As you read the scroll labelled SYOKHI ZUVUUB, it crumbles to dust.
It is a scroll of enchant weapon.
Your +1 hand axe glows red for a moment.
As you read the scroll labelled CUINAO GANUHOD, it crumbles to dust.
You feel strangely unstable.
It was a scroll of teleportation.
Your surroundings suddenly seem different.
Found a leather armour and three maces.
You see here a +0 mace.
Found seven maces.
Found a runed translucent door.
You see here a +0 mace.
Found a smoking mace.
You see here a +0 mace.
Crazy Yiuf shouts!
You see here a +0 mace.
Found three maces.
You see here a +0 mace.
You open the door.
Crazy Yiuf hits you with a +3 quarterstaff of chaos!
Ouch! That really hurt!
Crazy Yiuf freezes you.
* * * LOW HITPOINT WARNING * * *
There is an open translucent door here.
It was a potion of heal wounds.
You feel much better.
Crazy Yiuf whimpers, "Shadow!
Nubble Hive bush."
Crazy Yiuf drinks a potion.
Crazy Yiuf goes berserk!
You slash Crazy Yiuf!
Crazy Yiuf is moderately wounded.
Crazy Yiuf hits you with a +3 quarterstaff of chaos!
Ouch! That really hurt!
You blink.
Crazy Yiuf hits you with a +3 quarterstaff of chaos!
Ouch! That really hurt!
You die...

#..
..#
#####
#).)#
#))@#
#)g)#
##§##
##)#
#)##
##)#
#)##
##)##
#)..##


You could see Crazy Yiuf (berserk).

Vanquished Creatures
  3 dart slugs (D:1)
  5 bats (D:1)
  4 endoplasms (D:1)
  A giant cockroach (D:1)
  2 goblins (D:1)
  6 kobolds (D:1)
  A quokka (D:1)
  3 ball pythons (D:1)
  5 rats (D:1)
30 creatures vanquished.

Notes
Turn   | Place    | Note
-------+----------+-------------------------------------------
     0 | Abyss:1  | Gargoyl the Gargoyle Abyssal Knight began the quest for the
                  | Orb.
     0 | Abyss:1  | Reached XP level 1. HP: 14/14 MP: 2/2
     0 | D:1      | Escaped the Abyss
    27 | D:1      | Found Ferghe Vyolle's Antique Weapon Shop.
    99 | D:1      | Reached XP level 2. HP: 12/19 MP: 3/3
   280 | D:1      | Reached * piety under Lugonu
   313 | D:1      | Found a faded altar of an unknown god.
   475 | D:1      | Reached skill level 4 in Fighting
   527 | D:1      | Reached XP level 3. HP: 24/24 MP: 4/4
  1331 | D:2      | Found a runed translucent door.
  1332 | D:2      | Noticed Crazy Yiuf
  1338 | D:2      | Slain by Crazy Yiuf

Illustrated notes

Levels and vault maps discovered:
D:1:      shiori_arrival_maze, layout_loops_cross, serial_aquarium,
          aquarium_bridge_square [aquarium_subvault_bridge,
          aquarium_subvault_window, aquarium_subvault_wall,
          aquarium_subvault_window], aquarium_window_double,
          aquarium_window_corridor_1, aquarium_window_corner, aquarium_view_2d,
          aquarium_view_2f, aquarium_balcony_3a,
          chequers_ecumenical_altar_simple_redux, serial_shops, shop,
          minmay_tromino_v7
D:2:      layout_basic, uniq_robin, uniq_crazy_yiuf_cottage

Skill      XL: |  1  2 |
---------------+-------+-----
Axes           | 2 |  2.1
Fighting       | 4 |  4.2
Armour         | |  2.4
Dodging        | |  0.8
Stealth        | |  0.3
Invocations    | |  2.2

Action                   || total
-------------------------++-------
Melee: Hand axe          ||    66
Invok: Depart the Abyss  ||     1
  Use: Scroll            ||     3
       Potion            ||     1
Armor: Leather armour    ||    36
Dodge: Dodged            ||    59

Table legend: (Time is in decaauts)
 A = Elapsed time spent in this place.
 B = Non-inter-level travel time spent in this place.
 C = Inter-level travel time spent in this place.
 D = Time resting spent in this place.
 E = Time spent auto-exploring this place.
 F = Levels seen in this place.
 G = Mean time per level.
                   A        B        C        D        E       F      G
               +--------+--------+--------+--------+--------+-----+--------+
         Total |   1350 |   1312 |     38 |      0 |   1076 |   3 |  450.0 |
       Dungeon |   1350 |   1312 |     38 |      0 |   1076 |   2 |  675.0 |
         Abyss |      0 |      0 |      0 |      0 |      0 |   1 |    0.0 |
               +--------+--------+--------+--------+--------+-----+--------+

Top non-repeatable levels by time:
     D:1: 1332 daAuts
     D:2: 17 daAuts
